 Dungeon Crawl Stone Soup version 0.20-a0-1114-g33edf32 (webtiles) character file.

225284 kuniqs the Summoner (level 18, -15/116 HPs)
             Began as a Gnoll Summoner on May 6, 2017.
             Was the Champion of Hepliaklqana.
             Killed from afar by a deep elf annihilator (53 damage)
             ... with a crystal spear
             ... on level 1 of the Elven Halls.
             The game lasted 02:20:24 (40850 turns).

kuniqs the Summoner (Gnoll Summoner)               Turns: 40850, Time: 02:20:24

Health: -15/116    AC: 21    Str:  8    XL:     18   Next: 85%
Magic:  23/32      EV: 21    Int: 29    God:    Hepliaklqana [******]
Gold:   406        SH: 12    Dex: 15    Spells: 13/37 levels left

rFire    + + +     SeeInvis +   X - +0 flail (protect)
rCold    + + .     Gourm    .   L - +2 shield {AC+3}
rNeg     . . .     Faith    .   B - +5 ring mail of the Greedy {rPois SInv}
rPois    +         Spirit   .   Y - +2 helmet {Int+3}
rElec    .         Reflect  .   V - scarf of Distant Worlds {rF++ MR+} (curse)
rCorr    .         Harm     .   r - +1 pair of gloves
MR       +....                  n - +0 pair of boots "Zacob" {rC+}
Stlth    +++.......             W - amulet of regeneration
Regen    0.7/turn               o - ring of Phasing {EV+8}
MPRegen  0.3/turn               k - ring of Hyfuh {rF++ Int+4}

@: no status effects
A: short attention span, reduced essence, fangs 1, hooves 1, cold resistance 1,
strong nose
}: 2/15 runes: decaying, serpentine
a: Recall Ancestor, Ancestor Identity, Transference, Idealise, Renounce Religion


You were on level 1 of the Elven Halls.
You worshipped Hepliaklqana.
Hepliaklqana was exalted by your worship.
You were near starving.

You visited 8 branches of the dungeon, and saw 34 of its levels.
You visited 1 bazaar.
You also visited: Labyrinth.

You collected 2988 gold pieces.
You spent 2582 gold pieces at shops.

Inventory:

Hand Weapons
 X - a +0 flail of protection (weapon)
Missiles
 H - 60 stones (quivered)
Armour
 n - the +0 pair of boots "Zacob" (worn) {rC+}
   (You bought it in a shop in a bazaar)

   It protects you from cold.
 r - a +1 pair of gloves (worn)
 B - the +5 ring mail of the Greedy (worn) {rPois SInv}
   (You found it on level 7 of the Dungeon)

   It protects you from poison.
   It lets you see invisible.
 L - a +2 shield of protection (worn)
 V - the cursed scarf of Distant Worlds (worn) {rF++ MR+}
   (You bought it in a shop on level 15 of the Dungeon)

   It greatly protects you from fire.
   It affects your resistance to hostile enchantments.
   It has a curse placed upon it.
 Y - a +2 helmet of intelligence (worn)
Magical Staves
 N - an uncursed staff of wizardry
Jewellery
 c - an uncursed ring of resist corrosion
 k - the ring of Hyfuh (right hand) {rF++ Int+4}
   (You found it on level 6 of the Lair of Beasts)

   [ring of intelligence]

   It affects your intelligence (+4).
   It greatly protects you from fire.
 l - the amulet "Ceesod" {+Rage rPois rC+}
   (You bought it in a shop on level 2 of the Orcish Mines)

   [amulet of rage]

   It protects you from cold.
   It protects you from poison.
   It lets you go berserk.
 o - the ring of Phasing (left hand) {EV+8}
   (You found it on level 12 of the Dungeon)

   [ring of evasion]

   It affects your evasion (+8).
 W - an amulet of regeneration (around neck)
 Z - a +4 ring of intelligence
Wands
 y - a wand of flame (25/48)
 z - a wand of clouds (0/9)
 I - a wand of polymorph (9/24)
 O - a wand of digging (10/24)
 T - a wand of paralysis (4/24)
Scrolls
 a - 2 scrolls of enchant armour
 g - a scroll of teleportation
 h - a scroll of blinking
 p - 3 scrolls of fear
 q - 2 scrolls of enchant weapon
 x - a scroll of magic mapping
 D - 5 scrolls of immolation
 E - 4 scrolls of remove curse {@r2}
 F - 2 scrolls of fog
 J - 3 scrolls of holy word
 P - 3 scrolls of identify {@r1}
 U - 2 scrolls of recharging
Potions
 i - 6 potions of haste
 j - 10 potions of curing {@q1}
 m - 3 potions of resistance
 s - a potion of heal wounds
 t - 4 potions of invisibility
 v - 7 potions of flight
 w - 2 potions of berserk rage
 A - 6 potions of agility
 C - 7 potions of might
 G - 4 potions of mutation
 K - 2 potions of brilliance
 Q - a potion of lignification
 R - 2 potions of magic
 S - 2 potions of cancellation
Books
 b - a book of Callings

   Spells                             Type                      Level
   a - Summon Small Mammal            Summoning                    1
   b - Call Imp                       Summoning                    2
   c - Call Canine Familiar           Summoning                    3
   d - Summon Guardian Golem          Hexes/Summoning              3
   e - Summon Lightning Spire         Summoning/Air                4
   f - Summon Ice Beast               Ice/Summoning                4
Miscellaneous
 M - 2 sacks of spiders
Comestibles
 d - 16 bread rations
 e - 9 meat rations
 f - 37 fruits


   Skills:
 - Level 8.0 Fighting
 - Level 8.2 Maces & Flails
 - Level 8.0 Armour
 - Level 8.4 Dodging
 - Level 8.2 Stealth
 - Level 9.0 Shields
 - Level 10.0 Spellcasting
 - Level 7.0 Conjurations
 - Level 7.0 Hexes
 - Level 7.0 Charms
 + Level 14.7 Summonings
 - Level 7.1 Necromancy
 - Level 7.0 Ice Magic
 - Level 7.2 Air Magic
 - Level 7.0 Earth Magic
 - Level 8.0 Invocations
 - Level 8.3 Evocations


You had 13 spell levels left.
You knew the following spells:

 Your Spells              Type           Power        Failure   Level  Hunger
a - Sandblast             Erth           ######       1%          1    None
b - Call Imp              Summ           #######.     1%          2    None
c - Call Canine Familiar  Summ           #######.     1%          3    None
d - Summon Ice Beast      Ice/Summ       ######..     2%          4    None
e - Summon Guardian Gole  Hex/Summ       ######..     1%          3    None
f - Summon Lightning Spi  Summ/Air       ######..     2%          4    None
g - Fulminant Prism       Conj/Hex       ######....   12%         4    None
h - Regeneration          Chrm/Necr      ######....   3%          3    None


Dungeon Overview and Level Annotations

Branches:
Dungeon (15/15)            Temple (1/1) D:5            Lair (6/6) D:10
  Swamp (4/4) Lair:2        Snake (4/4) Lair:2        Slime (0/5) Lair:5
    Orc (2/2) D:12            Elf (1/3) Orc:2        Vaults (1/5) D:14
 Depths (0/5) D:15

Altars:
Ashenzari
Cheibriados
Dithmenos
Elyvilon
Fedhas
Gozag
Hepliaklqana
Kikubaaqudgha
Makhleb
Nemelex Xobeh
Okawaru
Qazlal
Ru
Sif Muna
Trog
Uskayaw
Vehumet
Wu Jian
Xom
Yredelemnul
Zin
The Shining One
Beogh
Jiyva

Shops:
D:12 %   D:14 [:**:   D:15 [   Orc:2 [*=!}*=([   Snake:2 =   Snake:3 =
Snake:4 %

Portals:
Trove: Vaults:1 (give +7 demon trident)

Annotations:
D:12 RexLacerta's ghost, adept GrGl
Lair:1 exclusion: 2 oklob plants
Swamp:2 Voxish's ghost, adept HONe
Swamp:4 Roxanne
Snake:4 Bai Suzhen
Vaults:1 exclusion: 2 ice statues


Innate Abilities, Weirdness & Mutations

You have a short attention span.
You have very sharp teeth.
Your uncanny sense of smell can sniff out nearby items.
Your life essence is reduced. (-10% HP)
You have large cloven feet.
Your flesh is cold resistant. (rC+)


Message History

The bolt of lightning misses you. The bolt of lightning hits you!
Aim: a deep elf annihilator, wielding a rapier and wearing a scale mail (heavily wounded)
The blast of sand hits the deep elf annihilator.
H - 63 stones The deep elf annihilator gestures at you while chanting.
The bolt of lightning hits you! The bolt of lightning misses you.
Aim: a deep elf annihilator, wielding a rapier and wearing a scale mail (severely wounded)
The blast of sand hits the deep elf annihilator.
H - 62 stones The deep elf annihilator points at you and mumbles some strange words.
The iron shot hits you!
Aim: a deep elf annihilator, wielding a rapier and wearing a scale mail (severely wounded)
The blast of sand hits the deep elf annihilator.
H - 61 stones
Aim: a deep elf annihilator, wielding a rapier and wearing a scale mail (severely wounded)
The blast of sand hits the deep elf annihilator.
H - 60 stones The deep elf annihilator casts a spell at you.
The crystal spear hits you!
You die...

#. #.#
....
#.##.##...
#.......#
####)###
##..)...#
#....)..#
#.##'##.#
#.#...#.#
#.@R<.+.#
#e#...#.#
#.##+##.#
#.. ....
#.# ..###
#. #.# #.
.# #.


You could see the friendly Æðelind the knight and a deep elf annihilator.

Vanquished Creatures
  A tengu reaver (Vaults:1)
  Donald (Snake:3)
  A vault warden (Vaults:1)
  2 dire elephants (Lair:6)
  A fire dragon (Vaults:1)
  2 ogre magi (Vaults:1)
  An anaconda (Snake:2)
  4 two-headed ogres
  A centaur warrior (D:13)
  A ghost crab (Swamp:4)
  A death yak (Lair:6)
  An orc high priest (Orc:2)
  A tengu warrior (D:14)
  2 naga sharpshooters
  2 shock serpents
  A naga ritualist (Snake:2)
  An unseen horror (D:11)
  A swamp dragon (Swamp:3)
  A wizard (D:14)
  A wolf spider (Vaults:1)
  2 deep elf magi (Elf:1)
  An orc knight (D:15)
  4 ugly things
  A frost giant zombie (D:15)
  3 salamanders
  2 cyclopes (Orc:2)
  A naga mage (Snake:2)
  8 elephants
  A torpor snail (Lair:6)
  5 black mambas
  5 spiny frogs
  A rime drake (Lair:2)
  A komodo dragon (Lair:4)
  A tengu conjurer (D:14)
  A troll (Orc:2)
  A bog body (Swamp:4)
  2 slime creatures (Swamp:1)
  2 hornets
  11 blink frogs
  2 dream sheep (Lair:6)
  4 hippogriffs
  A shadow (D:11)
  A spriggan (Swamp:3)
  15 yaks
  4 wyverns
  A wraith (D:13)
  A basilisk (Lair:6)
  2 vampire mosquitoes
  A soldier ant (D:12)
  2 insubstantial wisps (Swamp:4)
  6 nagas
  4 swamp worms
  6 porcupines
  7 water moccasins
  2 swamp drakes
  A sky beast (D:10)
  7 orc warriors
  2 ice beasts
  8 ogres
  A phantom (D:12)
  A knight (Snake:3)
  2 boggarts (Vaults:1)
  5 centaurs
  5 wolves (Lair:4)
  A black mamba simulacrum (Vaults:1)
  7 crocodiles
  2 big kobolds
  12 bullfrogs
  2 killer bees (D:11)
  A wight (D:11)
  2 howler monkeys
  3 crimson imps
  A quasit (D:9)
  2 orc priests
  5 hounds
  5 orc wizards
  2 bullfrog skeletons
  2 iguanas
  12 worker ants
  A hound zombie (D:11)
  A hound skeleton (D:5)
  7 adders
  A shadow imp (D:7)
  An adder zombie (D:7)
  An adder skeleton (D:4)
  A dart slug (D:1)
  A leopard gecko (D:6)
  11 orcs
  2 giant cockroaches
  3 goblins (D:1)
  3 hobgoblins
  4 jackals (D:6)
  8 kobolds
  2 quokkas
  6 bats
  A frilled lizard (D:2)
  A rat (D:1)
  2 plants (Lair:6)
287 creatures vanquished.

Vanquished Creatures (collateral kills)
  Vashnia (Snake:3)
  2 bone dragons
  Frances (D:13)
  A thorn hunter (Swamp:2)
  An azure jelly (Vaults:1)
  8 nagarajas
  A vault warden (Vaults:1)
  An iron dragon (Vaults:1)
  Aizul (Snake:3)
  3 ironheart preservers (Vaults:1)
  3 stone giants
  The ghost of theAP the Bludgeoner, a journeyman FoFi of Okawaru (D:11)
  4 dire elephants (Lair:6)
  Snorg (D:13)
  A minotaur (Lab)
  A great orb of eyes (Vaults:1)
  3 vault guards (Vaults:1)
  9 hydras
  3 centaur warriors
  17 naga warriors
  8 anacondas
  A ghost crab (Swamp:2)
  A catoblepas (Vaults:1)
  A death yak (Lair:6)
  30 two-headed ogres
  A death knight (D:14)
  The ghost of Dominolapin the Arsonist, a novice DrFE (D:8)
  2 tengu warriors (D:14)
  6 alligators
  A deep troll earth mage (Vaults:1)
  19 naga sharpshooters
  8 ogre magi
  7 shock serpents
  3 salamander mystics
  2 skeletal warriors (D:15)
  An unseen horror (Vaults:1)
  11 deep trolls
  A flayed ghost (Vaults:1)
  A spriggan druid (Swamp:3)
  2 wizards (D:14)
  12 naga ritualists
  2 spectral hydras (Swamp:4)
  A deep elf archer (Elf:1)
  3 ironbrand convokers (Vaults:1)
  3 swamp dragons
  Pikel (D:4)
  A wolf spider (Vaults:1)
  3 orc knights
  3 phantasmal warriors
  A necromancer (D:15)
  17 ugly things
  6 mana vipers
  2 deep elf magi
  A fire giant zombie (D:15)
  2 orc sorcerers
  Joseph (D:9)
  13 salamanders
  3 cyclopes
  2 centaur zombies
  A manticore (D:12)
  A stone giant zombie (D:15)
  A frost giant zombie (D:15)
  5 guardian serpents
  5 elephants
  33 naga magi
  11 spiny frogs
  A torpor snail (Lair:6)
  A gargoyle (Vaults:1)
  17 black mambas
  A vault sentinel (Vaults:1)
  A centaur skeleton (D:12)
  5 swamp worm zombies (Swamp:4)
  4 rime drakes
  A kobold demonologist (D:14)
  A komodo dragon (Lair:6)
  A yaktaur (Vaults:1)
  An anaconda simulacrum (Vaults:1)
  3 freezing wraiths
  3 tengu conjurers
  4 hydra zombies (Swamp:4)
  4 meliai
  11 trolls
  A polar bear (Lair:4)
  24 blink frogs
  8 tyrant leeches
  2 hornets
  8 bog bodies
  A harpy skeleton (D:15)
  12 slime creatures
  3 spectral swamp dragons (Swamp:4)
  3 alligator zombies (Swamp:4)
  3 hippogriffs
  8 dream sheep (Lair:6)
  A redback (Lab)
  2 shadows
  3 wraiths
  A basilisk (shapeshifter) (Vaults:1)
  26 yaks
  3 basilisks
  3 wyverns
  4 hungry ghosts
  Edmund (D:5)
  20 vampire mosquitoes
  4 wargs
  10 insubstantial wisps (Swamp:4)
  54 nagas
  19 swamp worms
  A soldier ant (shapeshifter) (Vaults:1)
  A soldier ant (D:15)
  6 swamp drakes
  7 water moccasins
  7 porcupines
  2 slaves (D:4)
  An eye of draining (shapeshifter) (Vaults:1)
  18 orc warriors
  An ice beast (D:9)
  9 phantoms
  An eye of draining (D:15)
  3 sky beasts
  A black mamba simulacrum (Vaults:1)
  3 swamp dragon zombies (Swamp:4)
  27 ogres
  6 wolves
  10 crocodiles
  5 centaurs
  6 boggarts (Vaults:1)
  3 big kobolds
  10 bullfrogs
  A wyvern zombie (D:6)
  2 earth elementals (Vaults:1)
  2 scorpions
  2 killer bees (D:11)
  An elephant simulacrum (Vaults:1)
  2 wights (D:11)
  2 electric eels
  9 crimson imps
  3 jellies
  A bullfrog zombie (D:8)
  4 hounds
  15 orc wizards
  A small abomination (Vaults:1)
  13 orc priests
  A bullfrog skeleton (D:9)
  A gnoll shaman (D:6)
  2 iguanas
  4 worker ants
  Terence (D:2)
  A spectral swamp drake (Swamp:4)
  Natasha (D:4)
  A troll simulacrum (Vaults:1)
  11 gnolls
  2 swamp drake zombies (Swamp:4)
  5 adders
  A naga simulacrum (Vaults:1)
  A shadow imp (D:13)
  A worm (D:2)
  A dart slug (D:1)
  9 leopard geckos
  55 orcs
  3 bats
  3 giant cockroaches
  9 goblins
  9 hobgoblins
  10 jackals
  2 quokkas
  A ball python (D:1)
  A frilled lizard (D:3)
  28 kobolds
  A leopard gecko skeleton (D:4)
  A leopard gecko zombie (D:7)
  3 rats
  3 fungi
  3 plants (Lair:6)
948 creatures vanquished.

Vanquished Creatures (others)
  A wizard (Vaults:1)
  A vampire mosquito (Swamp:4)
  A naga (Snake:3)
  A hydra simulacrum (Vaults:1)
  A sky beast (D:9)
  36 knights
  4 ancestors
  29 fulminant prisms
  4 fungi
  3 plants (Lair:6)
81 creatures vanquished.

Grand Total: 1316 creatures vanquished

Notes
Turn   | Place    | Note
-------+----------+-------------------------------------------
     0 | D:1      | kuniqs the Gnoll Summoner began the quest for the Orb.
     0 | D:1      | Reached XP level 1. HP: 13/13 MP: 5/5
   351 | D:1      | Reached XP level 2. HP: 20/20 MP: 6/6
   359 | D:1      | Learned a level 2 spell: Call Imp
   458 | D:1      | Reached skill level 1 in Fighting
   933 | D:1      | Reached XP level 3. HP: 20/27 MP: 1/8
  1586 | D:2      | Learned a level 3 spell: Call Canine Familiar
  1918 | D:2      | Reached XP level 4. HP: 30/35 MP: 8/10
  1950 | D:2      | Found an iron altar of Okawaru.
  2055 | D:2      | Noticed Terence
  2094 | D:2      | Killed Terence
  2596 | D:3      | Reached skill level 5 in Spellcasting
  2609 | D:3      | Reached XP level 5. HP: 20/42 MP: 7/12
  2778 | D:3      | Reached skill level 5 in Dodging
  2779 | D:3      | Reached skill level 7 in Summonings
  2821 | D:3      | Learned a level 4 spell: Summon Lightning Spire
  2826 | D:3      | Learned a level 4 spell: Summon Ice Beast
  2938 | D:3      | Noticed an ogre
  2971 | D:3      | Killed an ogre
  2971 | D:3      | Reached skill level 1 in Air Magic
  2971 | D:3      | Reached XP level 6. HP: 49/49 MP: 9/14
  3532 | D:4      | Found a deep blue altar of Sif Muna.
  3549 | D:4      | Found a shadowy altar of Dithmenos.
  3585 | D:4      | Reached skill level 5 in Fighting
  3655 | D:4      | Found a hazy altar of Hepliaklqana.
  3658 | D:4      | Became a worshipper of Hepliaklqana the Forgotten
  3899 | D:4      | Noticed a slave
  3910 | D:4      | Noticed Pikel
  3914 | D:4      | Killed a slave
  3915 | D:4      | Noticed a slave
  3918 | D:4      | Killed a slave
  3920 | D:4      | Noticed a slave
  3920 | D:4      | Killed Pikel
  3920 | D:4      | Reached XP level 7. HP: 51/51 MP: 4/16
  4022 | D:4      | Noticed Natasha
  4025 | D:4      | Killed Natasha
  4201 | D:5      | Entered Level 5 of the Dungeon
  4449 | D:5      | Found a glowing silver altar of Zin.
  4590 | D:5      | Reached * piety under Hepliaklqana
  4630 | D:5      | Noticed Edmund
  4643 | D:5      | Killed Edmund
  4673 | D:5      | Reached XP level 8. HP: 58/58 MP: 16/18
  4720 | D:5      | Noticed an enchanted hand axe
  4721 | D:5      | Found a hide-covered altar of Uskayaw.
  4721 | D:5      | Noticed a dagger
  4724 | D:5      | You fall through a shaft for 3 floors!
  4948 | D:8      | Reached skill level 5 in Air Magic
  5193 | D:8      | Noticed a two-headed ogre
  5205 | D:8      | Killed a two-headed ogre
  5205 | D:8      | Reached skill level 8 in Summonings
  5286 | D:8      | Noticed a hippogriff
  5307 | D:8      | Killed a hippogriff
  5407 | D:8      | Reached XP level 9. HP: 64/64 MP: 20/20
  5502 | D:8      | Noticed a two-headed ogre
  5521 | D:8      | Killed a two-headed ogre
  5526 | D:8      | Learned a level 3 spell: Summon Guardian Golem
  5707 | D:5      | Found a staircase to the Ecumenical Temple.
  5714 | Temple   | Entered the Ecumenical Temple
  5957 | D:5      | Reached skill level 1 in Ice Magic
  6087 | D:5      | Found a basalt altar of Yredelemnul.
  6087 | D:5      | Found an ornate altar of the Wu Jian Council.
  6098 | D:5      | Reached skill level 1 in Hexes
  6251 | D:6      | Reached ** piety under Hepliaklqana
  6252 | D:6      | Remembered your ancestor Æðelind as a knight
  6454 | D:6      | Found a burning altar of Makhleb.
  6488 | D:6      | Found a radiant altar of Vehumet.
  7026 | D:6      | Found a stormy altar of Qazlal.
  7260 | D:7      | Found a shimmering altar of Xom.
  7631 | D:7      | Found a snail-covered altar of Cheibriados.
  7885 | D:7      | Reached *** piety under Hepliaklqana
  7918 | D:7      | Got a jewelled ring mail
  7919 | D:7      | Identified the +5 ring mail of the Greedy {rPois SInv} (You found it on level 7 of the Dungeon)
  8000 | D:7      | Reached skill level 1 in Invocations
  8050 | D:8      | Reached skill level 1 in Maces & Flails
  8053 | D:8      | Reached skill level 1 in Armour
  8053 | D:8      | Reached skill level 1 in Evocations
  8117 | D:8      | Reached XP level 10. HP: 55/72 MP: 16/22
  8199 | D:8      | Noticed Dominolapin's ghost (novice DrFE)
  8217 | D:8      | Killed Dominolapin's ghost
  8527 | D:9      | Found a sparkling altar of Nemelex Xobeh.
  8704 | D:9      | Reached skill level 9 in Summonings
  8746 | D:9      | Reached skill level 5 in Hexes
  8750 | D:9      | Reached skill level 5 in Ice Magic
  8788 | D:9      | Noticed Joseph
  8805 | D:9      | Killed Joseph
  8834 | D:9      | Reached skill level 5 in Stealth
  8882 | D:9      | Reached skill level 5 in Evocations
  9297 | D:9      | Reached XP level 11. HP: 48/77 MP: 19/23
  9302 | D:9      | Reached skill level 5 in Armour
  9305 | D:9      | Reached skill level 5 in Maces & Flails
  9667 | D:10     | Entered Level 10 of the Dungeon
  9883 | D:10     | Reached skill level 5 in Invocations
 10109 | D:10     | Found a staircase to the Lair.
 10354 | D:10     | Reached **** piety under Hepliaklqana
 10509 | D:10     | Noticed a two-headed ogre
 10519 | D:10     | Killed a two-headed ogre
 11106 | D:10     | Gained mutation: Scrolls take you a little longer to read. [mutagenic meat]
 11107 | D:10     | Gained mutation: Your flesh is cold resistant. (rC+) [mutagenic meat]
 11108 | D:10     | Gained mutation: You are covered in fur. (AC +1) [mutagenic meat]
 11137 | D:11     | Noticed a two-headed ogre
 11144 | D:11     | Killed a two-headed ogre
 11225 | D:11     | Noticed a two-headed ogre
 11242 | D:11     | Killed a two-headed ogre
 11411 | D:11     | Noticed an unseen horror
 11421 | D:11     | Killed an unseen horror
 11526 | D:11     | Noticed theAP's ghost (journeyman FoFi)
 11550 | D:11     | Killed theAP's ghost
 11750 | D:11     | Noticed a two-headed ogre
 11758 | D:11     | Killed a two-headed ogre
 11758 | D:11     | Reached XP level 12. HP: 57/82 MP: 21/25
 12056 | D:12     | Reached ***** piety under Hepliaklqana
 12462 | D:12     | Found a staircase to the Orcish Mines.
 12686 | D:12     | Noticed RexLacerta's ghost (adept GrGl)
 13330 | D:12     | Found Ibbisuywk's Food Shop.
 13761 | D:12     | Noticed a centaur warrior
 13772 | D:12     | Killed a centaur warrior
 13878 | Lair:1   | Entered Level 1 of the Lair of Beasts
 14355 | Lair:2   | Learned a level 4 spell: Fulminant Prism
 14448 | Lair:2   | Reached skill level 1 in Conjurations
 14481 | Lair:2   | Found a staircase to the Snake Pit.
 14761 | Lair:2   | Noticed a seven-headed hydra
 14828 | Lair:2   | Killed a seven-headed hydra
 14983 | Lair:2   | Found a staircase to the Swamp.
 15475 | Lair:3   | Reached skill level 10 in Summonings
 15710 | Lair:4   | Reached XP level 13. HP: 72/88 MP: 7/26
 15946 | Lair:4   | Reached ****** piety under Hepliaklqana
 16062 | Lair:4   | Learned a level 3 spell: Regeneration
 16156 | Lair:4   | Reached skill level 1 in Charms
 16185 | Lair:4   | Reached skill level 1 in Necromancy
 16631 | Lair:4   | Reached skill level 5 in Conjurations
 16880 | Lair:5   | Reached skill level 10 in Spellcasting
 16944 | Lair:5   | Found a viscous altar of Jiyva.
 16944 | Lair:5   | Found a staircase to the Slime Pits.
 17500 | Lair:6   | Entered Level 6 of the Lair of Beasts
 17611 | Lair:6   | Reached skill level 5 in Necromancy
 17692 | Lair:6   | Reached skill level 5 in Charms
 18076 | Lair:6   | Reached XP level 14. HP: 94/94 MP: 19/28
 18331 | Lair:6   | Lost mutation: Your flesh is cold resistant. (rC+) [potion of mutation]
 18331 | Lair:6   | Lost mutation: Scrolls take you a little longer to read. [potion of mutation]
 18331 | Lair:6   | Lost mutation: You are covered in fur. (AC +1) [potion of mutation]
 18331 | Lair:6   | Gained mutation: You have large cloven feet. [potion of mutation]
 18331 | Lair:6   | Gained mutation: Your flesh is cold resistant. (rC+) [potion of mutation]
 18769 | Lair:6   | Noticed a dire elephant
 18769 | Lair:6   | Noticed a dire elephant
 18859 | Lair:6   | Killed a dire elephant
 18967 | Lair:6   | Killed a dire elephant
 18967 | Lair:6   | Reached skill level 11 in Summonings
 18981 | Lair:6   | Got a sparkling turquoise ring
 19030 | Lair:6   | Noticed a dire elephant
 19052 | Lair:6   | Killed a dire elephant
 19095 | Lair:6   | Noticed a dire elephant
 19132 | Lair:6   | Killed a dire elephant
 19198 | Lair:6   | Noticed a dire elephant
 19230 | Lair:6   | Killed a dire elephant
 19252 | Lair:6   | Noticed a dire elephant
 19268 | Lair:6   | Killed a dire elephant
 19600 | Orc:1    | Entered Level 1 of the Orcish Mines
 19711 | Orc:1    | Noticed a stone giant
 19729 | Orc:1    | Killed a stone giant
 19888 | Orc:1    | You fall through a shaft!
 19888 | Orc:2    | Entered Level 2 of the Orcish Mines
 19888 | Orc:2    | Found Ladatucka's Assorted Antiques.
 19969 | Orc:2    | Bought a shimmering crystal amulet for 160 gold pieces
 19969 | Orc:2    | Bought a scroll of identify for 64 gold pieces
 19969 | Orc:2    | Identified the amulet "Ceesod" {+Rage rPois rC+} (You bought it in a shop on level 2 of the Orcish Mines)
 19973 | Orc:2    | Found Cosuvam's Weapon Shoppe.
 20009 | Orc:2    | Found Rokh's Jewellery Boutique.
 20132 | Orc:2    | Found Waapesch's Gadget Shoppe.
 20205 | Orc:1    | Found a roughly hewn altar of Beogh.
 20682 | Orc:2    | Found a staircase to the Elven Halls.
 20757 | Orc:2    | Noticed a stone giant
 20787 | Orc:2    | Killed a stone giant
 20846 | Orc:2    | Found Ymeokum's Armour Shoppe.
 20859 | Orc:2    | Bought a +1 pair of gloves for 161 gold pieces
 21058 | Orc:2    | Found Michaiwk's Antique Armour Emporium.
 21063 | Orc:2    | Found Lacowkaj's Jewellery Shoppe.
 21067 | Orc:2    | Found Efrunt's Distillery.
 21554 | Orc:2    | Found Kualapnoux's Assorted Antiques.
 21575 | Orc:2    | Bought an emerald-encrusted ring mail for 234 gold pieces
 21585 | Orc:2    | Identified the +1 ring mail "Miggemn" {Str-4 Dex+6} (You bought it in a shop on level 2 of the Orcish Mines)
 21931 | D:13     | Noticed Frances
 21990 | D:13     | Killed Frances
 21990 | D:13     | Reached skill level 12 in Summonings
 22065 | D:13     | Reached XP level 15. HP: 94/99 MP: 29/29
 22067 | D:13     | Noticed Snorg
 22077 | D:13     | Killed Snorg
 22149 | D:13     | You fall through a shaft for 2 floors!
 22149 | D:15     | Entered Level 15 of the Dungeon
 22288 | D:15     | Paralysed by an orc sorcerer for 6 turns
 22391 | D:15     | Found Ahuolam's Armour Shoppe.
 22442 | D:15     | Bought the cursed scarf of Distant Worlds {rF++ MR+} for 577 gold pieces
 22767 | D:14     | Found Pyos's Book Shoppe.
 22805 | D:14     | Found a frozen archway.
 22959 | D:14     | Found a sacrificial altar of Ru.
 23134 | D:14     | Found a labyrinth entrance.
 23143 | Lab      | Entered a labyrinth
 23244 | Lab      | Identified the ring of Hyfuh {rF++ Int+4} (You found it on level 6 of the Lair of Beasts)
 23726 | Lab      | Identified the Incunabulum of the Oath
 23728 | Lab      | Identified the Collected Works on Glacial Protection
 24404 | D:14     | Found Ifag's Armour Boutique.
 24455 | D:14     | Found Cigare's Assorted Antiques.
 24478 | D:14     | Found Coehav's Book Shoppe.
 24517 | D:14     | Reached skill level 1 in Shields
 24678 | D:14     | Found a gate to the Vaults.
 24773 | D:14     | Found Taijyun's Assorted Antiques.
 24780 | D:14     | Bought a thick robe for 171 gold pieces
 24780 | D:14     | Bought a scroll of identify for 60 gold pieces
 24780 | D:14     | Bought a runed helmet for 225 gold pieces
 24782 | D:14     | Identified the cursed +1 robe of the Devil's Advocate {rElec rPois MR- Str+4} (You bought it in a shop on level 14 of the Dungeon)
 24940 | D:15     | Found a staircase to the Depths.
 25200 | D:15     | Reached skill level 5 in Shields
 25769 | Swamp:1  | Entered Level 1 of the Swamp
 26607 | Swamp:2  | Noticed Voxish's ghost (adept HONe)
 27140 | Swamp:2  | Noticed a thorn hunter
 27156 | Swamp:2  | Killed a thorn hunter
 27281 | Swamp:2  | Noticed a thorn hunter
 27452 | Swamp:3  | Paralysed by a hornet for 3 turns
 27804 | Swamp:3  | Reached XP level 16. HP: 29/105 MP: 25/30
 28047 | Swamp:4  | Entered Level 4 of the Swamp
 29372 | Swamp:4  | Noticed Roxanne
 29669 | Swamp:4  | Noticed a bone dragon
 29927 | Swamp:4  | Killed a bone dragon
 30252 | Swamp:4  | Got a decaying rune of Zot
 30506 | Snake:1  | Entered Level 1 of the Snake Pit
 30781 | Snake:1  | Reached skill level 13 in Summonings
 32656 | Snake:2  | Found Erchy's Jewellery Shoppe.
 32997 | Snake:3  | Noticed Vashnia
 33062 | Snake:3  | Killed Vashnia
 33062 | Snake:3  | Reached XP level 17. HP: 82/109 MP: 6/31
 33348 | Snake:4  | Entered Level 4 of the Snake Pit
 34275 | Snake:3  | Found Syuluum's Jewellery Emporium.
 34455 | Snake:3  | Noticed Donald
 34543 | Snake:3  | Noticed Aizul
 34563 | Snake:3  | Killed Aizul
 34773 | Snake:3  | Killed Donald
 35497 | Snake:4  | Found Foerchu's Food Boutique.
 35653 | Snake:4  | HP: 3/109 [naga mage/poison arrow (20)]
 36231 | Snake:4  | Reached skill level 14 in Summonings
 37145 | Snake:4  | Reached XP level 18. HP: 116/116 MP: 9/32
 37260 | Snake:4  | Noticed Bai Suzhen
 37469 | Snake:4  | Got a serpentine rune of Zot
 37756 | Vaults:1 | Entered Level 1 of the Vaults
 37778 | Vaults:1 | Found a portal to a secret trove of treasure.
 37799 | Vaults:1 | Got a scintillating copper ring
 37800 | Vaults:1 | Identified the ring of Ohiumeuq {Int+3 Dex+2} (You found it on level 1 of the Vaults)
 38006 | Vaults:1 | Found a flickering gateway to a bazaar.
 38022 | Bazaar   | Entered a bazaar
 38022 | Bazaar   | Found Jeoro's Magic Scroll Shop.
 38022 | Bazaar   | Found Teqomn's General Store.
 38032 | Bazaar   | Found Mopnatru's Antique Weapon Emporium.
 38043 | Bazaar   | Found Zuuqa's Gadget Boutique.
 38058 | Bazaar   | Found Pygrykh's Antique Armour Emporium.
 38088 | Bazaar   | Bought a pair of heavily runed boots for 209 gold pieces
 38088 | Bazaar   | Identified the +0 pair of boots "Zacob" {rC+} (You bought it in a shop in a bazaar)
 38100 | Bazaar   | Bought a shiny buckler for 165 gold pieces
 38110 | Bazaar   | Bought a glowing buckler for 165 gold pieces
 38167 | Bazaar   | Bought a potion of heal wounds for 50 gold pieces
 38167 | Bazaar   | Bought a potion of might for 40 gold pieces
 38167 | Bazaar   | Bought 2 scrolls of teleportation for 60 gold pieces
 38167 | Bazaar   | Bought a scroll of enchant weapon for 75 gold pieces
 38167 | Bazaar   | Bought 2 scrolls of immolation for 70 gold pieces
 38868 | Vaults:1 | Identified the Disquisition on the Mountains
 38871 | Vaults:1 | Learned a level 1 spell: Sandblast
 38993 | Vaults:1 | Reached skill level 1 in Earth Magic
 39043 | Vaults:1 | Noticed a bone dragon
 39262 | Vaults:1 | Killed a bone dragon
 39542 | Vaults:1 | Reached skill level 5 in Earth Magic
 39768 | Vaults:1 | Paralysed by an ogre mage for 2 turns
 40712 | Orc:2    | Bought a scroll of teleportation for 96 gold pieces
 40819 | Elf:1    | Entered Level 1 of the Elven Halls
 40850 | Elf:1    | Killed from afar by a deep elf annihilator

Vault maps used:
D:1:      mrwooster_arrival_arrow, minmay_pentomino_q2
D:2:      okawaru_altar_gauntlet_db, uniq_terence
D:3:      kennysheep_generic_room_16
D:4:      lemuel_doored_altar, lemuel_crystal_altar,
          nicolae_overflow_hidden_temple, uniq_pikel, uniq_natasha
D:5:      zin_academy, gammafunk_temple_overflow_statue,
          dancing_weapons_uskayaw, minmay_temple_entry_statues_pillars,
          first_bread, uniq_edmund
D:6:      nicolae_qazlal_eye_of_the_storm, fiery_altar_vehumet, bloody_makhleb
D:7:      overflow_temple_1_default, cheibriados_altar_1
D:9:      nicolae_overflow_crystal_walls, uniq_joseph
D:10:     david_lair_generic
D:11:     grunt_tengu_nest
D:12:     david_orc_4, serial_shops, shop_statue
D:13:     uniq_snorg, uniq_frances
D:14:     david_vaults_1, minivault_26, serial_shops, shop, kennysheep_mini,
          kennysheep_little_box, shop_statue, nicolae_shop_window_shopping,
          lab_entry_generic, portal_ice_cave_rime, nicolae_ru_awakened_eye
D:15:     gammafunk_depths_entry_grave, serial_shops, shop
Temple:   jpeg_temple_island
Lair:1:   minivault_27, lemuel_fruit_fields, minmay_lair_oklob_chamber,
          infiniplex_staircase_pool
Lair:2:   nicolae_swamp_entry_splash_gauntlet,
          minmay_snake_entry_guardpost_medium
Lair:3:   grunt_megastairs_2
Lair:5:   slime_altar_1
Lair:6:   due_jungle_book
Swamp:1:  evilmike_swamp_ruin_house_1, swamp_pool1, hangedman_swamp_diagram
Swamp:2:  serial_swamp_ruin, hangedman_swamp_ruin_wall,
          evilmike_swamp_ruin_rubble_2, evilmike_swamp_ruin_wall, uniq_nikola
Swamp:3:  infiniplex_staircase_pool_2, swamp_pool5
Swamp:4:  swamp_pestilence, uniq_roxanne
Snake:2:  serial_shops, shop_fountains, st_stairs_3
Snake:3:  serial_shops, nicolae_shop_stone, grunt_megastairs_3, uniq_donald,
          uniq_aizul, uniq_vashnia
Snake:4:  snake_pit, serial_shops, nicolae_shop_waterfront, uniq_bai_suzhen
Orc:1:    basic_altar
Orc:2:    st_orc_open, serial_shops, shop, shop, nicolae_shop_crystal, shop,
          nicolae_shop_waterfront
Elf:1:    due_chaos_kobolds, serial_shops, nicolae_shop_overgrown_old_shop,
          orc_legates
Vaults:1: vaults_room_grunt_arrival_ludios, v_misc_29, vaults_dpeg_doors,
          nicolae_vaults_little_squares_2, grunt_vaults_trifunnel,
          ontoclasm_vaults_shout, grunt_vaults_focal, ontoclasm_vaults_fault,
          hangedman_vaults_trim, ontoclasm_vaults_ring_large,
          nicolae_vaults_circle_grid_b, ontoclasm_vaults_ring_square,
          ontoclasm_vaults_gateway, serial_hangedman_research,
          hangedman_research_geology, hangedman_research_thermodynamics,
          hangedman_research_thanatology, enter_trove_0, serial_shops,
          bzr_entry_gold
Lab:      nicolae_lab_dead_adventurers, nicolae_lab_arrow, nicolae_lab_garden,
          nicolae_lab_big_swirl
Bazaar:   bazaar_lake

Skill      XL: |  1  2  3  4  5  6  7  8  9 10 11 12 13 14 15 16 17 18 |
---------------+-------------------------------------------------------+-----
Fighting       | 2 3 4 5 6 7 8 |  8.0
Spellcasting   | 4 5 6 7 8 9 10 | 10.0
Dodging        | 4 5 6 7 8 |  8.4
Summonings     | 7 8 9 10 12 13 14 | 14.7
Air Magic      | 1 3 4 6 7 |  7.2
Ice Magic      | 3 5 7 |  7.0
Hexes          | 3 5 6 7 |  7.0
Invocations    | 1 4 6 7 8 |  8.0
Maces & Flails | 1 4 6 8 |  8.2
Armour         | 1 4 6 8 |  8.0
Evocations     | 1 5 6 8 |  8.3
Stealth        | 5 7 8 |  8.2
Conjurations   | 3 7 |  7.0
Charms         | 6 7 |  7.0
Necromancy     | 7 |  7.1
Shields        | 8 9 |  9.0
Earth Magic    | 7 |  7.0

Action                   |  1- 3 |  4- 6 |  7- 9 | 10-12 | 13-15 | 16-18 || total
-------------------------+-------+-------+-------+-------+-------+-------++-------
Melee: Unarmed           |     4 |       |       |       |       |       ||     4
       Dagger            |    36 |       |       |       |       |       ||    36
       Bite              |     8 |     4 |    11 |    57 |   123 |   100 ||   303
       Flail             |    35 |    44 |       |       |   365 |   865 ||  1309
       Whip              |       |       |    44 |       |       |       ||    44
       Dire flail        |       |       |   143 |   506 |   662 |       ||  1311
 Cast: Summon Small Mamm |    14 |       |       |       |     2 |       ||    16
       Call Imp          |    20 |    12 |     9 |    17 |       |       ||    58
       Call Canine Famil |     4 |    13 |    24 |    34 |    22 |    18 ||   115
       Summon Lightning  |       |     1 |     6 |    37 |    63 |    96 ||   203
       Summon Guardian G |       |       |       |     1 |       |       ||     1
       Summon Ice Beast  |       |       |       |    14 |   187 |   242 ||   443
       Regeneration      |       |       |       |       |     9 |    18 ||    27
       Fulminant Prism   |       |       |       |       |     1 |    28 ||    29
       Sandblast         |       |       |       |       |       |    17 ||    17
Invok: Recall Ancestor   |       |       |     6 |     5 |    16 |    27 ||    54
       Ancestor Life: Kn |       |       |     1 |       |       |       ||     1
       Idealise          |       |       |       |       |     2 |     9 ||    11
Evoke: Wand              |       |       |       |       |     1 |     6 ||     7
       Sack of spiders   |       |       |       |       |       |     1 ||     1
  Use: Scroll            |       |       |     1 |     3 |    28 |    14 ||    46
       Potion            |       |       |       |       |     8 |     7 ||    15
 Stab: Sleeping          |     6 |     4 |     4 |     9 |    16 |     1 ||    40
       Distracted        |     1 |     1 |       |    14 |    25 |    26 ||    67
       Invisible         |       |       |       |       |     2 |       ||     2
  Eat: Chunk             |     4 |     7 |    15 |    32 |    33 |    26 ||   117
       Royal jelly       |       |       |       |       |     5 |     9 ||    14
Armor: Robe              |    36 |     7 |    26 |       |       |       ||    69
       Ring mail         |       |       |     9 |   169 |   400 |   403 ||   981
Dodge: Dodged            |   106 |    57 |   183 |   488 |   853 |   520 ||  2207
Block: Shield            |       |       |       |       |   247 |   663 ||   910
